AoeStats
← Morrión

Fortress

508697767Analyzed
2v2 RM · 10d ago on Sep 23, 2026· 33m 2s· 4 players
Game mode
Random Map
Map size
Normal (6 player)
Population
200
Speed
Normal
Resources
Standard
Victory
Conquest
Starting age
Dark Age
Ending age
Imperial Age
RankedLock teamsTeams togetherTeam positionsShared explorationLock speedFull tech treeHidden civsTurbo modeCheats
Victory
Defeat
🇪🇸 Danes · Spain
1355
+13
🇪🇸 Varangians · Spain
1355
+14
1322
-14
🇮🇳 Mongols · India
1285
-13
Hyderabad (Ind)
8:09 Feudal Age
8:40 Double-Bit Axe
11:55 Castle Age
10:04 Horse Collar
11:09 Scale Barding Armor
11:20 Gold Mining
14:52 Loom
15:56 Fletching
16:07 Padded Archer Armor
18:13 Fervor
20:04 Bodkin Arrow
20:36 Leather Archer Armor
21:29 Wheelbarrow
22:01 Forging
26:09 Iron Casting
27:58 Chain Barding Armor
30:52 Ballistics
[T41] Indian War Lord
8:13 Feudal Age
10:55 Double-Bit Axe
13:13 Castle Age
10:49 Man-at-Arms
11:32 Horse Collar
12:26 Forging
11:46 Long Swordsman
12:27 Gold Mining
13:28 Scale Mail Armor
13:43 Loom
13:57 Two-Handed Swordsman
14:57 Gambesons
16:53 Arson
17:53 Padded Archer Armor
18:48 Iron Casting
20:05 Chain Mail Armor
23:59 Padded Archer Armor
23:51 Fletching
25:06 Bodkin Arrow
26:15 Leather Archer Armor
27:49 Wheelbarrow
27:54 Bow Saw
29:05 Gold Shaft Mining
33:41 Imperial Age
33:27 Hand Cart
Morrión
7:47 Feudal Age
11:40 Castle Age
11:15 Scale Barding Armor
11:08 Horse Collar
11:14 Double-Bit Axe
12:20 Bloodlines
12:31 Forging
15:21 Husbandry
15:35 Loom
19:35 Iron Casting
20:04 Heavy Plow
20:24 Town Watch
23:31 Wheelbarrow
26:35 Chain Barding Armor
32:23 Imperial Age
31:24 Hand Cart
32:33 Elite Jarl
juanca12
7:30 Feudal Age
11:07 Castle Age
8:59 Double-Bit Axe
10:59 Horse Collar
12:59 Forging
13:11 Scale Barding Armor
13:31 Scale Mail Armor
15:04 Wheelbarrow
19:54 Iron Casting
20:08 Chain Mail Armor
22:50 Squires
22:41 Arson
24:01 Hand Cart
25:14 Loom
26:28 Heavy Plow
26:40 Bow Saw
27:56 Hamask
29:10 Fletching
29:21 Padded Archer Armor
29:49 Bodkin Arrow
29:19 Elite Skirmisher
32:24 Leather Archer Armor
35:22 Imperial Age
Connection lost

Rejoining the realm…

Still unreachable

The connection could not be restored.

Session expired

The server has moved on; the page needs a fresh start.